 Dungeon Crawl Stone Soup version 0.16.1-11-g651b585 (webtiles) character file.

203958 abixa the Warrior (level 19, 209/209 HPs)
             Began as an Ogre Hunter on Mar 30, 2015.
             Was the Champion of Okawaru.
             Quit the game on level 3 of the Shoals.
             The game lasted 04:40:15 (49269 turns).

abixa the Warrior (Ogre Hunter)                    Turns: 49269, Time: 04:40:16

Health: 209/209    AC: 17    Str: 22    XL:     19   Next: 7%
Magic:  29/29      EV: 15    Int: 10    God:    Okawaru [******]
Gold:   2102       SH:  0    Dex: 16    Spells: 2 memorised, 14 levels left

rFire  x . .     SeeInvis .     a - +4 giant spiked club (venom)
rCold  + + .     Clarity  +     g - +0 ice dragon armour
rNeg   . . .     SustAb   .     (shield restricted)
rPois  +         Gourm    .     Z - +1 hat {Spirit}
rElec  .         Spirit   +     c - +1 cloak {MR+}
rCorr  .         Warding  .     (gloves unavailable)
rMut   .         Stasis   .     (boots unavailable)
MR     ++...                    v - amulet of clarity
Stlth  ..........               z - ring of poison resistance
                                y - ring of flight

@: very resistant to hostile enchantments, extremely unstealthy
A: unfitting armour, spit poison 1, tough skin 1
a: Spit Poison, Heroism, Finesse, Renounce Religion, Evoke Flight


You were on level 3 of the Shoals.
You worshipped Okawaru.
Okawaru was exalted by your worship.
You were near starving.

You visited 7 branches of the dungeon, and saw 37 of its levels.
You also visited: Ice Cave and Volcano.

You collected 3841 gold pieces.
You spent 1739 gold pieces at shops.

Inventory:

Hand weapons
 a - a +4 giant spiked club of venom (weapon)
 b - a +0 blowgun
 r - the +4 dire flail "Preyschea" {drain, +Rage rF+ Dex-4 Stlth+}
   (Okawaru gifted it to you on level 3 of the Shoals)

   A truly terrible weapon, it drains the life of those it strikes.
   It affects your dexterity (-4).
   It protects you from fire.
   It lets you go berserk.
   It makes you more stealthy.
 P - the +4 scimitar of Mana {flame, +Blink rElec Int-4}
   (You found it on level 6 of the Dungeon)

   It has been specially enchanted to burn those struck by it, causing extra
   injury to most foes and up to half again as much damage against particularly
   susceptible opponents.
   Big, fiery blades are also staple armaments of hydra-hunters.
   It affects your intelligence (-4).
   It insulates you from electricity.
   It lets you blink.
Missiles
 e - 7 tomahawks of dispersal
 j - 5 poisoned tomahawks
 l - 67 large rocks (quivered)
 s - 6 poisoned javelins
 t - 39 tomahawks
 C - 32 javelins
 I - 3 throwing nets
 M - 6 javelins of penetration
 Q - 8 curare-tipped needles
Armour
 c - a +1 cloak of magic resistance (worn)
 g - a +0 ice dragon armour (worn)
 o - a +0 hat of see invisible
 Z - a +1 hat of spirit shield (worn)
Rods
 i - a +3 iron rod (13/13)
   (You found it on level 8 of the Lair of Beasts)
Jewellery
 u - an uncursed ring of protection from magic
 v - an amulet of clarity (around neck)
 y - a ring of flight (left hand)
 z - a ring of poison resistance (right hand)
Magical devices
 E - a wand of digging (13)
 O - a wand of draining (7)
 U - a wand of disintegration (11)
 W - a wand of fire (3)
Scrolls
 d - 3 scrolls of fog
 h - a scroll of summoning
 k - 13 scrolls of remove curse
 m - 16 scrolls of teleportation
 n - 3 scrolls of blinking
 H - a scroll of fear
 X - 4 scrolls of identify
Potions
 w - 2 potions of agility
 x - 3 potions of berserk rage
 B - 13 potions of curing
 F - 3 potions of cancellation
 G - 7 potions of heal wounds
 J - 2 potions of resistance
 K - a potion of might
 L - 3 potions of haste
Comestibles
 D - 13 bread rations


   Skills:
 - Level 17.6 Fighting
 - Level 17.0 Maces & Flails
 - Level 15.0 Throwing
 + Level 10.8 Armour
 - Level 13.8 Dodging
 - Level 0.7 Stealth
 - Level 8.0 Invocations
 - Level 8.0 Evocations


You had 14 spell levels left.
You knew the following spells:

 Your Spells              Type           Power        Failure   Level  Hunger
a - Blink                 Tloc           N/A          97%         2    ###....
b - Repel Missiles        Chrm/Air       #.....       97%         2    ###....


Dungeon Overview and Level Annotations

Branches:
Dungeon (15/15)            Temple (1/1) D:7            Lair (8/8) D:11
 Shoals (5/5) Lair:3        Snake (3/5) Lair:4        Slime (0/6) Lair:8
    Orc (4/4) D:12            Elf (1/3) Orc:4        Vaults (0/5) D:13
 Depths (0/5) D:15

Altars:
Ashenzari
Cheibriados
Dithmenos
Elyvilon
Fedhas
Gozag
Kikubaaqudgha
Makhleb
Nemelex Xobeh
Okawaru
Qazlal
Ru
Sif Muna
Trog
Vehumet
Xom
Yredelemnul
Zin
The Shining One
Jiyva
Lugonu

Shops:
D:7 !%}(%   D:10 ((   D:13 *}[::   D:14 :   Orc:1 [   Orc:4 [:!:
Shoals:1 ??!%

Annotations:
D:6 !unknown loot for rc++, exclusion: door
Lair:8 minor loot


Innate Abilities, Weirdness & Mutations

You are too large for most types of armour.
You have tough skin (AC +1).
You can spit poison.


Message History

You start resting.
You start resting.
You start resting.
You start resting.
You start resting.
You are feeling very hungry.
You start resting.
You start resting.
You start resting.
You start resting.
You start resting.
You start resting.
You start resting.
You start resting.
You start resting.
You start resting.
You are near starving!
You start resting.
HP restored.
Are you sure you want to abandon this character and quit the game? (Confirm with "yes".)

≈≈≈≈≈≈≈≈≈≈≈≈≈≈≈≈≈≈≈≈≈≈
≈≈≈≈≈≈≈≈≈≈≈≈≈≈≈≈≈≈≈≈≈≈≈
≈≈≈≈≈≈≈≈≈≈≈≈≈≈≈≈≈≈≈≈≈≈≈≈
≈≈≈≈≈≈≈≈≈≈≈≈≈≈≈≈≈≈≈≈≈≈≈≈
≈≈≈≈≈≈≈≈≈≈≈..≈≈≈≈≈≈≈≈≈≈≈≈
≈≈≈≈≈≈≈≈≈......≈≈≈≈≈≈≈≈≈≈≈
≈≈≈≈≈≈≈≈≈.####.≈≈≈≈≈≈≈≈≈≈≈
≈≈≈≈≈≈≈≈..# #..≈≈≈..≈≈.≈≈≈
≈≈≈≈≈≈≈≈≈@####.≈≈≈...≈≈≈≈≈≈
≈≈≈≈≈≈≈≈.####..≈≈≈≈≈≈≈≈≈≈..
≈≈≈≈≈≈≈≈.# #......≈≈≈≈≈≈P..
≈≈≈≈≈≈≈≈.###..........≈≈≈..
≈≈≈≈≈≈≈≈≈..#........>......
≈≈≈≈≈≈≈≈..#######.........
≈≈≈≈≈≈≈≈.## ####..###P...
≈≈≈≈≈≈≈≈.# ##...(.##.....
≈≈≈≈≈≈≈≈.####...##..≈≈..P≈


There were no monsters in sight!

Vanquished Creatures
  Asterion (Snake:2)
  An octopode crusher (Shoals:2)
  Kirke (Snake:2)
  An orc warlord (Orc:3)
  Snorg (D:14)
  2 merfolk javelineers (Shoals:4)
  4 vault guards (D:13)
  Josephine (D:11)
  A yaktaur captain (D:15)
  4 merfolk impalers
  A great orb of eyes (D:13)
  2 centaur warriors (D:13)
  2 naga warriors
  An ice dragon (Orc:2)
  6 hydras
  An alligator snapping turtle (Shoals:4)
  Erica (Lair:3)
  2 anacondas
  A merfolk aquamancer (Shoals:4)
  3 merfolk avatars
  2 ogre magi (Orc:4)
  5 death yaks (Lair:8)
  3 shock serpents
  2 naga sharpshooters (Snake:3)
  Nergalle (D:15)
  An ice devil (IceCv)
  14 sea snakes
  2 deep trolls (Orc:4)
  An unseen horror (D:15)
  3 orc knights
  A lindwurm (shapeshifter) (D:15)
  2 naga ritualists (Snake:1)
  2 ice statues (IceCv)
  10 harpies
  10 hill giants
  4 mana vipers
  3 orc sorcerers
  14 fauns
  13 manticores
  2 wolf spiders
  6 ugly things
  2 water nymphs
  9 griffons
  3 salamanders
  9 sirens
  9 cyclopes
  20 spiny frogs
  2 centaur zombies
  A guardian serpent (Lair:8)
  4 gargoyles
  3 elephants (Lair:8)
  2 naga magi
  28 black mambas
  6 komodo dragons
  3 molten gargoyles (Volcano)
  A yaktaur (D:13)
  4 centaur skeletons
  4 kobold demonologists
  A deep elf priest (Elf:1)
  6 blue devils (IceCv)
  5 fire drakes
  14 trolls
  25 merfolk
  9 two-headed ogres
  11 polar bears
  2 wind drakes
  A boulder beetle (Lair:8)
  18 blink frogs
  6 basilisks
  2 raiju (Lair:8)
  5 slime creatures
  A centaur simulacrum (D:14)
  4 hogs
  A redback (Lair:8)
  5 deep elf magi
  4 wyverns
  A yak (shapeshifter) (D:14)
  2 hill giant zombies (D:12)
  6 snapping turtles
  7 water elementals
  9 hippogriffs
  7 wraiths
  7 fire bats
  3 shadows
  45 yaks
  A hog (shapeshifter) (D:13)
  A spriggan (D:7)
  Grum (D:8)
  A neqoxec (D:13)
  2 steam dragons
  13 wolves
  8 hungry ghosts
  6 vampire mosquitoes (D:14)
  A mottled dragon (D:14)
  14 nagas
  8 wargs
  4 hell hounds (Lair:8)
  14 porcupines
  48 water moccasins
  6 spiders (Lair:8)
  26 orc warriors
  3 sky beasts
  A swamp drake (Orc:2)
  A wasp (Lair:8)
  2 necrophages
  5 ice beasts
  13 black bears
  28 ogres
  5 phantoms
  Sigmund (D:5)
  3 boring beetles
  2 big kobolds
  14 centaurs
  18 giant frogs
  11 crocodiles
  Blork the orc (D:9)
  3 wyvern zombies
  2 gnoll sergeants (D:10)
  A wyvern skeleton (D:13)
  3 scorpions
  2 troll zombies (D:12)
  6 killer bees (D:7)
  10 wights
  7 crimson imps
  2 giant frog zombies
  24 hounds
  A lava snake (Volcano)
  3 goliath beetles
  An electric eel (Lair:5)
  A gnoll shaman (D:6)
  17 orc priests
  A wasp zombie (D:10)
  3 giant frog skeletons
  6 jellies
  38 orc wizards
  17 worker ants
  An iron imp (Orc:2)
  40 sheep
  11 iguanas
  4 ogre zombies (D:12)
  Ijyb (D:6)
  Jessica (D:3)
  A hound zombie (D:7)
  A hound skeleton (D:9)
  A worker ant zombie (D:8)
  43 adders
  13 gnolls
  70 river rats
  A giant mite (D:9)
  6 shadow imps
  3 worms
  7 ufetubi
  11 white imps
  17 orc zombies
  2 adder skeletons
  An ooze (D:3)
  164 orcs
  3 bat skeletons
  A giant cockroach (D:3)
  18 hobgoblins
  5 jackals (Lair:8)
  12 quokkas
  2 ball pythons (Lair:4)
  8 bats
  7 giant geckos
  A giant gecko skeleton (D:8)
  4 giant newts
  6 giant spores
  22 goblins
  4 goblin zombies (D:12)
  A hobgoblin skeleton (D:12)
  3 hobgoblin zombies (D:12)
  18 kobolds
  An orc skeleton (D:12)
  15 rats
  18 ballistomycetes
  A fungus (Lair:5)
  4 plants
1418 creatures vanquished.

Vanquished Creatures (collateral kills)
  A redback (Elf:1)
  2 hell rats (Elf:1)
3 creatures vanquished.

Vanquished Creatures (others)
  3 spiders (Elf:1)
  A wight (D:13)
  An orc priest (D:13)
  An iguana (D:8)
  A giant mite (D:6)
  A white imp (IceCv)
  An ufetubus (IceCv)
  2 orcs (Orc:2)
  A hobgoblin (D:5)
  A giant spore (D:13)
  A goblin (D:6)
  A ballistomycete (D:13)
  7 fungi
  14 plants
36 creatures vanquished.

Grand Total: 1457 creatures vanquished

Notes
Turn   | Place    | Note
--------------------------------------------------------------
     0 | D:1      | abixa, the Ogre Hunter, began the quest for the Orb.
     0 | D:1      | Reached XP level 1. HP: 22/22 MP: 1/1
   349 | D:1      | Reached skill level 1 in Maces & Flails
   881 | D:1      | Reached XP level 2. HP: 29/29 MP: 2/2
  1210 | D:2      | Reached XP level 3. HP: 8/36 MP: 3/3
  1950 | D:3      | Reached XP level 4. HP: 2/44 MP: 4/4
  2266 | D:2      | Reached skill level 5 in Maces & Flails
  2570 | D:3      | Noticed Jessica
  2608 | D:3      | Killed Jessica
  2608 | D:3      | Reached skill level 6 in Maces & Flails
  2608 | D:3      | Reached XP level 5. HP: 44/50 MP: 5/5
  3102 | D:4      | Noticed a phantom
  3126 | D:4      | Killed a phantom
  3126 | D:4      | Reached skill level 7 in Maces & Flails
  3126 | D:4      | Reached XP level 6. HP: 48/59 MP: 6/6
  3791 | D:5      | Entered Level 5 of the Dungeon
  3801 | D:5      | Reached skill level 8 in Maces & Flails
  3811 | D:5      | Found a white marble altar of Elyvilon.
  4054 | D:5      | Noticed Sigmund
  4115 | D:5      | Killed Sigmund
  4115 | D:5      | Reached skill level 9 in Maces & Flails
  4115 | D:5      | Reached XP level 7. HP: 45/66 MP: 7/7
  4827 | D:5      | Reached skill level 10 in Maces & Flails
  4980 | D:5      | Noticed a hippogriff
  4987 | D:5      | Killed a hippogriff
  4987 | D:5      | Reached skill level 5 in Throwing
  5008 | D:5      | Reached XP level 8. HP: 71/78 MP: 8/8
  5795 | D:6      | Reached skill level 5 in Fighting
  6161 | D:6      | Got an iridescent scimitar
  6173 | D:6      | HP: 3/80 [something (12)]
  6471 | D:6      | Identified the +4 scimitar of Mana {flame, +Blink rElec Int-4} (You found it on level 6 of the Dungeon)
  6847 | D:6      | Reached skill level 11 in Maces & Flails
  7419 | D:6      | Noticed Ijyb
  7436 | D:6      | Killed Ijyb
  7733 | D:7      | Reached XP level 9. HP: 79/92 MP: 9/9
  7855 | D:7      | Found a staircase to the Ecumenical Temple.
  7884 | Temple   | Entered the Ecumenical Temple
  7926 | Temple   | Became a worshipper of Warmaster Okawaru
  8090 | D:7      | Found Efifraj's Gadget Shop.
  8103 | D:7      | Bought a wand of invisibility (4) for 96 gold pieces
  8215 | D:7      | Found Wiazid's Distillery.
  8223 | D:7      | Bought a potion of might for 60 gold pieces
  8223 | D:7      | Bought a potion of haste for 150 gold pieces
  8223 | D:7      | Bought a potion of heal wounds for 75 gold pieces
  8247 | D:7      | Reached skill level 12 in Maces & Flails
  8443 | D:7      | Found Klatahir's Antique Weapon Boutique.
  8546 | D:7      | Found Klofruang's Food Shop.
  8629 | D:7      | Acquired Okawaru's first power
  8975 | D:7      | Found Yvisorr's Food Boutique.
  9534 | D:8      | Reached XP level 10. HP: 87/106 MP: 15/15
  9785 | D:8      | Reached skill level 13 in Maces & Flails
 10616 | D:9      | Noticed Grum
 11247 | D:8      | Killed Grum
 11718 | D:9      | Noticed Blork the orc
 11878 | D:9      | Killed Blork the orc
 11890 | D:9      | Reached skill level 14 in Maces & Flails
 11940 | D:9      | Noticed a hill giant
 11950 | D:9      | Killed a hill giant
 11950 | D:9      | Reached skill level 10 in Fighting
 12392 | D:9      | Reached XP level 11. HP: 111/119 MP: 17/17
 12882 | D:10     | Entered Level 10 of the Dungeon
 13340 | D:10     | Found Laluewn's Weapon Emporium.
 13477 | D:10     | Noticed a hill giant
 13482 | D:10     | Killed a hill giant
 13482 | D:10     | Received a gift from Okawaru
 13489 | D:10     | Found Wiussav's Antique Weapon Boutique.
 13562 | D:10     | Got a fabulously ornate robe
 13702 | D:9      | Reached skill level 10 in Throwing
 14131 | D:10     | Received a gift from Okawaru
 14754 | D:11     | Noticed a hill giant
 14769 | D:11     | Killed a hill giant
 15386 | D:11     | Acquired Okawaru's second power
 15553 | D:11     | Found a staircase to the Lair.
 15571 | D:11     | Identified the +2 robe of the Leaf {rPois Int+3 Dex-5} (You found it on level 10 of the Dungeon)
 15711 | D:11     | Noticed Josephine
 15726 | D:11     | Killed Josephine
 15726 | D:11     | Reached XP level 12. HP: 96/139 MP: 18/18
 15729 | D:11     | Received a gift from Okawaru
 16079 | Lair:1   | Entered Level 1 of the Lair of Beasts
 16240 | Lair:1   | Reached skill level 15 in Maces & Flails
 16504 | Lair:2   | Got a bloodstained robe
 16804 | Lair:2   | Received a gift from Okawaru
 17188 | Lair:1   | Received a gift from Okawaru
 17188 | Lair:1   | Reached skill level 16 in Maces & Flails
 17776 | D:12     | Found a corrupted altar of Lugonu.
 17823 | D:12     | Reached skill level 17 in Maces & Flails
 18208 | D:12     | Found a staircase to the Orcish Mines.
 18229 | D:12     | Reached skill level 5 in Invocations
 18927 | Orc:1    | Entered Level 1 of the Orcish Mines
 19119 | Orc:1    | Found Laruhet's Armour Shop.
 19386 | Orc:2    | Found a frozen archway.
 19393 | Orc:2    | Noticed an ice dragon
 19559 | Orc:2    | Killed an ice dragon
 19559 | Orc:2    | Reached XP level 13. HP: 91/146 MP: 16/24
 19714 | IceCv    | Entered an ice cave
 19816 | IceCv    | Identified a scroll of acquirement
 20251 | IceCv    | Received a gift from Okawaru
 21517 | Orc:2    | Learned a level 2 spell: Blink
 21520 | Orc:2    | Learned a level 2 spell: Repel Missiles
 22064 | Orc:1    | Reached skill level 15 in Fighting
 22323 | Orc:3    | Received a gift from Okawaru
 22365 | Orc:3    | Noticed an orc warlord
 22400 | Orc:3    | Killed an orc warlord
 22414 | Orc:3    | Received a gift from Okawaru
 23022 | Orc:3    | Found a bloodstained altar of Trog.
 23171 | Orc:4    | Entered Level 4 of the Orcish Mines
 23171 | Orc:4    | Found Throast's Book Shoppe.
 23472 | Lair:3   | Found a dark tunnel.
 23488 | Volcano  | Entered a volcano
 23811 | Volcano  | Found a radiant altar of Vehumet.
 24347 | Lair:3   | Found a staircase to the Shoals.
 24403 | Lair:3   | Reached skill level 1 in Evocations
 24530 | Lair:3   | Noticed Erica
 24545 | Lair:3   | Killed Erica
 24549 | Lair:3   | Identified the +0 robe "Ximirats" {Str+6 SInv} (You found it on level 2 of the Lair of Beasts)
 24569 | Lair:3   | Reached XP level 14. HP: 152/162 MP: 25/25
 25109 | Lair:4   | Found a staircase to the Snake Pit.
 25463 | Lair:4   | Got a distressingly furry robe
 25469 | Lair:4   | Identified the +2 robe of Modesty {-Tele Dex+4} (You found it on level 4 of the Lair of Beasts)
 26872 | Lair:5   | Received a gift from Okawaru
 27241 | Lair:6   | Reached skill level 5 in Evocations
 29147 | Lair:8   | Entered Level 8 of the Lair of Beasts
 29268 | Lair:8   | Found a viscous altar of Jiyva.
 29268 | Lair:8   | Found a staircase to the Slime Pits.
 29896 | Lair:8   | Reached skill level 5 in Dodging
 30038 | Lair:8   | Received a gift from Okawaru
 30174 | Lair:8   | Reached XP level 15. HP: 158/170 MP: 24/26
 31050 | Lair:8   | Received a gift from Okawaru
 31669 | Lair:8   | Received a gift from Okawaru
 31694 | Lair:8   | Got a faintly glowing dire flail {god gift}
 31695 | Lair:8   | Identified the +8 dire flail of Quarrel {crush, Str+2 Int+3 Stlth+} (Okawaru gifted it to you on level 8 of the Lair of Beasts)
 32511 | D:13     | Reached skill level 10 in Dodging
 32623 | D:13     | Found Psefor's Book Boutique.
 32659 | D:13     | Found a gate to the Vaults.
 32890 | D:13     | Found Onusotiu's General Store.
 33211 | D:13     | Bought a scroll of enchant weapon for 127 gold pieces
 33211 | D:13     | Bought a scroll of holy word for 127 gold pieces
 33526 | D:13     | Found Xuoxtome's Gadget Emporium.
 33554 | D:13     | Received a gift from Okawaru
 33588 | D:13     | Found Wuagoa's Antique Armour Shop.
 33676 | D:13     | Found Wihailepn's Book Emporium.
 34244 | D:14     | Noticed Snorg
 34246 | D:14     | Reached XP level 16. HP: 101/179 MP: 20/27
 34252 | D:14     | Killed Snorg
 34418 | D:14     | Found Crim's Book Emporium.
 35339 | Orc:4    | Received a gift from Okawaru
 35445 | Orc:4    | Found a radiant altar of Vehumet.
 35520 | Orc:4    | Found Zaurch's Distillery.
 35553 | Orc:4    | Found Ezyr's Book Emporium.
 35877 | Orc:4    | Found Jongyptois' Antique Armour Shoppe.
 35889 | Orc:4    | Received a gift from Okawaru
 35933 | Orc:4    | Found a staircase to the Elven Halls.
 36433 | Elf:1    | Entered Level 1 of the Elven Halls
 36749 | D:15     | Entered Level 15 of the Dungeon
 36868 | D:15     | Found a sacrificial altar of Ru.
 36885 | D:15     | Noticed Nergalle
 36889 | D:15     | Killed Nergalle
 37538 | D:15     | Found a staircase to the Depths.
 37608 | D:15     | Received a gift from Okawaru
 38219 | D:13     | Bought an embroidered cloak for 148 gold pieces
 38229 | D:13     | Bought an embroidered cloak for 148 gold pieces
 39153 | Snake:1  | Entered Level 1 of the Snake Pit
 40168 | Snake:1  | Got a fine rapier
 40780 | Snake:2  | Noticed Kirke
 40782 | Snake:2  | Noticed Asterion
 41107 | Snake:2  | Killed Kirke
 41134 | Snake:2  | Killed Asterion
 41169 | Snake:2  | Reached XP level 17. HP: 168/192 MP: 28/28
 41242 | Snake:2  | Received a gift from Okawaru
 41257 | Snake:2  | Identified the +5 rapier of Lies {venom, rPois Int+2} (You found it on level 1 of the Snake Pit)
 42052 | Snake:3  | Received a gift from Okawaru
 42251 | D:12     | Reached skill level 15 in Throwing
 42540 | Shoals:1 | Entered Level 1 of the Shoals
 42583 | Shoals:1 | Reached skill level 1 in Armour
 42613 | Shoals:1 | Found Blawef's Magic Scroll Shop.
 42640 | Shoals:1 | Bought a scroll of identify for 36 gold pieces
 42640 | Shoals:1 | Bought a scroll of identify for 36 gold pieces
 42640 | Shoals:1 | Bought a scroll of identify for 36 gold pieces
 42772 | Shoals:1 | Found Kluikeax's Magic Scroll Shop.
 43113 | Shoals:1 | Found Bruinasm's Food Boutique.
 43294 | Shoals:1 | Found Araehas' Distillery.
 43853 | Shoals:2 | Found a glowing silver altar of Zin.
 43868 | Shoals:2 | Reached skill level 5 in Armour
 44488 | Lair:2   | Reached XP level 18. HP: 194/201 MP: 29/29
 44490 | Lair:2   | Gained mutation: You can spit poison. [potion of beneficial mutation]
 44698 | Shoals:2 | Found a snail-covered altar of Cheibriados.
 45350 | Shoals:3 | Received a gift from Okawaru
 45523 | Shoals:3 | Got a fine dire flail {god gift}
 45524 | Shoals:3 | Identified the +4 dire flail "Preyschea" {drain, +Rage rF+ Dex-4 Stlth+} (Okawaru gifted it to you on level 3 of the Shoals)
 46766 | Shoals:4 | Reached skill level 10 in Armour
 46946 | Shoals:4 | Received a gift from Okawaru
 47350 | Lair:3   | Reached XP level 19. HP: 140/209 MP: 29/29
 47581 | D:13     | Bought a scroll of brand weapon for 340 gold pieces
 47817 | Shoals:1 | Bought a scroll of brand weapon for 360 gold pieces
 47990 | Shoals:5 | Entered Level 5 of the Shoals
 48033 | Shoals:4 | Received a gift from Okawaru
 48799 | Shoals:4 | HP: 3/209 [merfolk impaler/trident of flaming (9)]
 49269 | Shoals:3 | Quit the game

Action                   |  1- 3 |  4- 6 |  7- 9 | 10-12 | 13-15 | 16-18 | 19-21 || total
-------------------------+-------+-------+-------+-------+-------+-------+-------++-------
Melee: Club              |    67 |    72 |       |       |       |       |       ||   139
       Short sword       |     3 |       |       |       |       |       |       ||     3
       Flail             |       |    36 |   347 |   500 |       |       |       ||   883
       Mace              |       |    20 |       |       |       |       |       ||    20
       Dagger            |       |     1 |    23 |    12 |       |       |       ||    36
       Staff             |       |       |     6 |       |       |       |       ||     6
       Giant spiked club |       |       |       |   287 |  1201 |   762 |    50 ||  2300
       Dire flail        |       |       |       |       |   271 |       |       ||   271
       Scimitar          |       |       |       |       |     5 |     2 |       ||     7
Throw: Stone             |   100 |    75 |   274 |   420 |   113 |       |       ||   982
       Large rock        |     4 |    12 |     6 |    13 |     9 |    29 |    14 ||    87
       Tomahawk          |       |     9 |    36 |   122 |   429 |   260 |     4 ||   860
       Throwing net      |       |       |     2 |       |       |       |       ||     2
       Javelin           |       |       |       |    20 |    34 |    78 |       ||   132
Invok: Heroism           |       |       |       |     1 |     3 |     3 |     1 ||     8
       Finesse           |       |       |       |     1 |       |     1 |       ||     2
 Abil: Evoke Flight      |       |       |       |       |       |       |     1 ||     1
Evoke: Wand              |       |       |     3 |       |       |       |       ||     3
       Rod               |       |       |       |       |     2 |     4 |       ||     6
       Sack of spiders   |       |       |       |       |       |     2 |       ||     2
       Box of beasts     |       |       |       |       |       |     1 |       ||     1
  Use: Scroll            |       |       |    13 |    11 |    16 |    13 |     5 ||    58
       Potion            |       |       |     1 |       |       |     2 |       ||     3
 Stab: Sleeping          |       |     1 |       |       |     3 |     1 |       ||     5
       Distracted        |       |       |       |       |     1 |       |       ||     1
  Eat: Fruit             |     1 |       |     1 |     1 |     1 |       |       ||     4
       Chunk             |       |     9 |    15 |    33 |    39 |    39 |     5 ||   140
       Pizza             |       |       |       |     1 |       |       |       ||     1
       Bread ration      |       |       |       |       |     2 |     1 |       ||     3
